 Dungeon Crawl Stone Soup version 0.20-a0-650-gd54866b (webtiles) character file.

4888 Laan the Destroyer (level 10, -5/50 HPs)
             Began as a Deep Elf Fire Elementalist on Feb 16, 2017.
             Killed by the air
             ... invoked by Gastronok
              (29 damage)
             ... on level 8 of the Dungeon.
             The game lasted 00:25:03 (9797 turns).

Laan the Destroyer (Deep Elf Fire Elementalist)     Turns: 9797, Time: 00:25:04

Health: -5/50      AC:  5    Str:  5    XL:     10   Next: 26%
Magic:  5/27       EV: 13    Int: 24    God:
Gold:   361        SH:  0    Dex: 15    Spells: 21/32 levels left

rFire    . . .     SeeInvis .   t - +2 falchion (slice)
rCold    . . .     Gourm    .   p - +0 robe "Qofuth" {rPois Regen+}
rNeg     . . .     Faith    .   (no shield)
rPois    +         Spirit   .   m - +2 helmet
rElec    .         Reflect  .   (no cloak)
rCorr    .         Harm     .   (no gloves)
MR       +....                  (no boots)
Stlth    ++........             (no amulet)
Regen    0.6/turn               (no ring)
MPRegen  0.2/turn               g - ring of poison resistance

@: no status effects
A: no striking features
a: no special abilities


You were on level 8 of the Dungeon.
You were not hungry.

You visited 2 branches of the dungeon, and saw 9 of its levels.
You also visited: Ossuary.

You collected 361 gold pieces.

Inventory:

Hand Weapons
 e - a +1 dagger of venom
 t - a +2 falchion of slicing (weapon)
Armour
 m - a +2 helmet (worn)
 p - the +0 robe "Qofuth" (worn) {rPois Regen+}
   (You found it on level 4 of the Dungeon)

   It protects you from poison.
   It increases your rate of regeneration.
Jewellery
 g - a ring of poison resistance (left hand)
Wands
 o - a wand of flame (9/48)
 x - a wand of acid (7/15)
Scrolls
 a - 3 scrolls of teleportation {unknown}
 j - a scroll of fear {unknown}
 k - 9 scrolls of identify
 l - 2 scrolls of remove curse {unknown}
 n - a scroll of enchant armour {unknown}
 w - 3 scrolls of immolation {unknown}
 y - a scroll of enchant weapon {unknown}
 z - 2 scrolls of amnesia {unknown}
 A - 2 scrolls of recharging {unknown}
Potions
 d - a potion of curing
 f - 2 potions of heal wounds {unknown}
 h - 3 potions of mutation {unknown}
 q - a potion of brilliance {unknown}
 v - 2 potions of might {unknown}
 C - a potion of magic {unknown}
 D - 2 potions of haste {unknown}
Books
 b - a book of Flames

   Spells                             Type                      Level
   a - Flame Tongue                   Conjuration/Fire             1
   b - Throw Flame                    Conjuration/Fire             2
   c - Conjure Flame                  Conjuration/Fire             3
   d - Inner Flame                    Hexes/Fire                   3
   e - Sticky Flame                   Conjuration/Fire             4
   f - Fireball                       Conjuration/Fire             5
 i - a book of Frost

   Spells                             Type                      Level
   a - Freeze                         Ice                          1
   b - Throw Frost                    Conjuration/Ice              2
   c - Ozocubu's Armour               Charms/Ice                   3
   d - Throw Icicle                   Conjuration/Ice              4
   e - Summon Ice Beast               Ice/Summoning                4
 s - a book of Cantrips

   Spells                             Type                      Level
   a - Confusing Touch                Hexes                        1
   b - Animate Skeleton               Necromancy                   1
   c - Summon Small Mammal            Summoning                    1
   d - Apportation                    Translocation                1
 u - a book of Misfortune

   Spells                             Type                      Level
   a - Confusing Touch                Hexes                        1
   b - Confuse                        Hexes                        3
   c - Gell's Gravitas                Hexes/Translocation          3
   d - Petrify                        Transmutation/Earth          4
   e - Metabolic Englaciation         Hexes/Ice                    5
   f - Yara's Violent Unravelling     Hexes/Transmutation          5
Comestibles
 c - 6 bread rations
 r - 3 meat rations
 B - 4 royal jellies
 E - 3 chunks of flesh


   Skills:
 - Level 2.4 Dodging
 - Level 2.4 Stealth
 + Level 11.6 Spellcasting
 * Level 13.1 Conjurations
 - Level 3.2 Fire Magic


You had 21 spell levels left.
You knew the following spells:

 Your Spells              Type           Power        Failure   Level  Hunger
a - Flame Tongue          Conj/Fire      #####        1%          1    None
b - Conjure Flame         Conj/Fire      ######..     1%          3    None
c - Sticky Flame          Conj/Fire      ######..     1%          4    None
d - Throw Frost           Conj/Ice       #####.       1%          2    None
e - Freeze                Ice            ##..         6%          1    None


Dungeon Overview and Level Annotations

Branches:
Dungeon (8/15)             Temple (1/1) D:7            Lair (0/6) D:8

Altars:
Ashenzari
Cheibriados
Dithmenos
Elyvilon
Fedhas
Gozag
Hepliaklqana
Kikubaaqudgha
Makhleb
Nemelex Xobeh
Okawaru
Qazlal
Ru
Sif Muna
Trog
Uskayaw
Vehumet
Xom
Yredelemnul
Zin
The Shining One

Annotations:
D:8 Gastronok


Message History

Gastronok is severely wounded.
Gastronok is covered in liquid flames!
Gastronok burns!
You hit Gastronok but do no damage.
Gastronok is severely wounded.
Gastronok burns!
Gastronok bites you!
* * * LOW HITPOINT WARNING * * *
It was a potion of curing.
You feel better.
Gastronok burns!
Gastronok stops burning.
Casting: Sticky Flame
Confirm with . or Enter, or press ? or * to list all spells.
Aiming: Sticky Flame
Press: ? - help, Shift-Dir - straight line, f/p - Gastronok
Aim: Gastronok, wearing a runed hat (severely wounded, covering ground quickly)
The sticky flame hits Gastronok.
Gastronok is almost dead.
Gastronok is covered in liquid flames!
Gastronok burns!
Gastronok waves his eye-stalks in wide circles.
The air twists around and strikes you!
Ouch! That really hurt!
You die...

......#.####.######
###.#.# #......#
....#.# #.####.##
##....# #.###...##
......# #.##...PP##
...#..# #.#....PPP#
##.#.##
.####....PPP# #
..!......PPPP#
####....@PPPP#
#....Pw.PP#
##..PP...P#
#.PPP.>.P#
##PPPP..P#


#.PPPPPP# ##PPPPP## ####### You could see Gastronok (burning).

Vanquished Creatures
  A komodo dragon (D:8)
  A hornet (D:7)
  A hippogriff (D:8)
  Sigmund (D:3)
  A human (D:7)
  A yak (D:7)
  3 hogs (D:7)
  Eustachio (D:4)
  Menkaure (D:5)
  2 sky beasts (D:5)
  2 ice beasts
  4 ogres
  An orc warrior (D:7)
  2 phantoms
  A centaur (D:5)
  A big kobold (D:7)
  4 elf zombies (Ossuary)
  A water moccasin skeleton (D:7)
  3 wights (D:7)
  A howler monkey (D:6)
  5 crimson imps
  3 centaur zombies (Ossuary)
  A bullfrog zombie (D:5)
  5 human zombies (Ossuary)
  A jelly (D:7)
  4 hounds
  An orc priest (D:4)
  3 bullfrog skeletons
  5 orc wizards
  An iguana (D:4)
  Ijyb (D:2)
  Terence (D:3)
  8 worker ants
  A worker ant zombie (D:8)
  3 mummies (Ossuary)
  Robin (D:3)
  11 gnolls
  9 adders
  5 oozes
  An adder skeleton (D:4)
  5 worms
  2 dart slugs
  9 leopard geckos
  32 orcs
  A ball python (D:3)
  9 giant cockroaches
  19 hobgoblins
  11 jackals
  3 quokkas
  11 bats
  5 frilled lizards
  13 goblins
  8 kobolds
  A leopard gecko skeleton (D:4)
  9 rats
241 creatures vanquished.

Vanquished Creatures (others)
  2 plants (D:8)
2 creatures vanquished.

Grand Total: 243 creatures vanquished

Notes
Turn   | Place    | Note
-------+----------+-------------------------------------------
     0 | D:1      | Laan the Deep Elf Fire Elementalist began the quest for the Orb.
     0 | D:1      | Reached XP level 1. HP: 10/10 MP: 6/6
   219 | D:1      | Reached skill level 2 in Conjurations
   225 | D:1      | Reached XP level 2. HP: 15/15 MP: 4/8
   899 | D:1      | Reached XP level 3. HP: 19/19 MP: 3/10
  1324 | D:2      | Found a burning altar of Makhleb.
  1495 | D:2      | Reached skill level 3 in Conjurations
  1562 | D:2      | Found a bloodstained altar of Trog.
  1619 | D:2      | Found a stormy altar of Qazlal.
  1619 | D:2      | Found a shimmering altar of Xom.
  1650 | D:2      | Reached XP level 4. HP: 24/24 MP: 2/12
  1997 | D:2      | Noticed Ijyb
  2006 | D:2      | Learned a level 3 spell: Conjure Flame
  2011 | D:2      | Learned a level 4 spell: Sticky Flame
  2036 | D:2      | Killed Ijyb
  2247 | D:3      | Noticed Robin
  2303 | D:2      | Reached skill level 4 in Conjurations
  2932 | D:2      | Reached XP level 5. HP: 4/28 MP: 9/14
  3224 | D:3      | Killed Robin
  3310 | D:3      | Reached skill level 5 in Spellcasting
  3405 | D:3      | Noticed Sigmund
  3422 | D:3      | Killed Sigmund
  3422 | D:3      | Reached skill level 5 in Conjurations
  3422 | D:3      | Reached XP level 6. HP: 16/32 MP: 3/16
  3824 | D:3      | Noticed Terence
  3827 | D:3      | Killed Terence
  3833 | D:3      | Reached skill level 6 in Conjurations
  4593 | D:4      | Reached XP level 7. HP: 28/36 MP: 12/18
  4948 | D:4      | Got a heavy robe
  4949 | D:4      | Identified the +0 robe "Qofuth" {rPois Regen+} (You found it on level 4 of the Dungeon)
  4990 | D:4      | Reached skill level 7 in Conjurations
  5026 | D:4      | Noticed Eustachio
  5083 | D:4      | Killed Eustachio
  5192 | D:4      | Found an ancient bone altar of Kikubaaqudgha.
  5210 | D:4      | Found a blossoming altar of Fedhas.
  5544 | D:5      | Entered Level 5 of the Dungeon
  5548 | D:5      | Noticed Menkaure
  5591 | D:5      | Killed Menkaure
  5591 | D:5      | Reached skill level 8 in Conjurations
  5591 | D:5      | Reached XP level 8. HP: 30/41 MP: 5/21
  5972 | D:5      | Reached skill level 9 in Conjurations
  6405 | D:6      | Reached skill level 10 in Conjurations
  6595 | D:6      | Learned a level 2 spell: Throw Frost
  6597 | D:6      | Learned a level 1 spell: Freeze
  6820 | D:7      | Found a sparkling altar of Nemelex Xobeh.
  6928 | D:7      | Reached XP level 9. HP: 45/45 MP: 15/24
  7458 | D:7      | Reached skill level 11 in Conjurations
  7523 | D:7      | Reached skill level 10 in Spellcasting
  7844 | D:7      | Reached skill level 12 in Conjurations
  7965 | D:7      | Found a staircase to the Ecumenical Temple.
  7976 | Temple   | Entered the Ecumenical Temple
  8017 | D:7      | Found a radiant altar of Vehumet.
  8018 | D:7      | Found an iron altar of Okawaru.
  8020 | D:7      | Found a deep blue altar of Sif Muna.
  8205 | D:7      | Found a basalt altar of Yredelemnul.
  8290 | D:7      | Found a white marble altar of Elyvilon.
  8642 | D:7      | Found a glowing silver altar of Zin.
  8718 | D:8      | Found a sand-covered staircase.
  8759 | Ossuary  | Entered an ossuary
  9008 | Ossuary  | Reached XP level 10. HP: 50/50 MP: 18/27
  9549 | D:8      | Noticed Gastronok
  9628 | D:8      | Reached skill level 13 in Conjurations
  9774 | D:8      | Found a staircase to the Lair.
  9797 | D:8      | Killed from afar by Gastronok

Vault maps used:
D:1:      nicolae_arrival_somewhat_less_tricky_arrival
D:2:      lemuel_crystal_altar, gammafunk_temple_overflow_elements,
          nicolae_overflow_crystal_walls, moated_statue,
          kennysheep_generic_room_5, uniq_iyjb
D:3:      portal_sewer_entry_f, st_stairs_10, uniq_sigmund, uniq_terence,
          uniq_robin
D:4:      grunt_temple_overflow_growth_and_decay, first_bread, serial_bayou,
          serial_bayou_lake_a, serial_bayou_shore_b, serial_bayou_pond_a,
          serial_bayou_pond_e, uniq_eustachio
D:5:      uniq_menkaure
D:6:      minivault_11
D:7:      kennysheep_ying_yang, nicolae_overflow_hidden_temple,
          minmay_temple_entry_glassed_door, basic_altar, grunt_livestock,
          lemuel_tele_altar
D:8:      david_lair_shrubbed, enter_ossuary_2, uniq_gastronok
Temple:   eino_temple_lava
Ossuary:  ossuary_minmay_four_chambers

Skill      XL: |  1  2  3  4  5  6  7  8  9 10 |
---------------+-------------------------------+-----
Conjurations   | 2 3 4 5 6 8 10 12 13 | 13.1
Spellcasting   | 4 5 6 7 9 11 | 11.6
Dodging        | |  2.4
Stealth        | |  2.4
Fire Magic     | |  3.2

Action                   |  1- 3 |  4- 6 |  7- 9 | 10-12 || total
-------------------------+-------+-------+-------+-------++-------
Melee: Unarmed           |     3 |       |       |       ||     3
       Long sword        |       |     5 |       |       ||     5
       Dagger            |       |       |     3 |       ||     3
       Falchion          |       |       |    61 |     4 ||    65
 Cast: Flame Tongue      |    83 |   121 |   311 |    86 ||   601
       Sticky Flame      |       |     4 |     9 |     5 ||    18
       Freeze            |       |       |     8 |     3 ||    11
       Throw Frost       |       |       |     2 |       ||     2
       Conjure Flame     |       |       |     3 |     4 ||     7
  Use: Potion            |       |     2 |       |     1 ||     3
       Scroll            |       |       |     1 |       ||     1
 Stab: Sleeping          |       |       |     1 |       ||     1
  Eat: Chunk             |     2 |    10 |    13 |     3 ||    28
       Fruit             |       |       |     1 |       ||     1
Armor: Robe              |     5 |    10 |    42 |     7 ||    64
       Skin              |       |     9 |       |       ||     9
Dodge: Dodged            |    21 |    29 |   108 |    22 ||   180
       Rpst.: Long sword |     2 |     6 |       |       ||     8
       Falchion          |       |       |    43 |     7 ||    50
